 Dungeon Crawl Stone Soup version 0.31-a0-189-ga26ba32dd1 (webtiles) character file.

Game seed: 13198438437716134843

65 qw the Shooter (level 3, -2/20 HPs)
             Began as a Deep Elf Hunter on June 23, 2023.
             Slain by Grinder (3 damage)
             ... while paralysed by Grinder
             ... on level 3 of the Dungeon.
             The game lasted 00:00:31 (1368 turns).

qw the Shooter (Deep Elf Hunter)                    Turns: 1368, Time: 00:00:32

Health: -2/20      AC:  4    Str: 10    XL:     3   Next: 92%
Magic:  5/5        EV:  2    Int: 13    God:
Gold:   56         SH:  0    Dex: 24    Spells: 2/2 levels left

rFire   . . .        Y - +1 shortbow
rCold   . . .        (shield currently unavailable)
rNeg    . . .        c - +0 leather armour
rPois   .            a - +0 helmet
rElec   .            (no cloak)
rCorr   .            (no gloves)
SInv    .            (no boots)
Will    .....        (no amulet)
Stlth   ++           i - +6 ring of dexterity
HPRegen 0.23/turn    (no ring)
MPRegen 0.09/turn

%: no passive effects
@: paralysed
A: no striking features
a: no special abilities


You were on level 3 of the Dungeon.
You visited 1 branch of the dungeon, and saw 4 of its levels.

You collected 56 gold pieces.


   Skills:
 - Level 1.5 Fighting
 - Level 7.2 Ranged Weapons
 + Level 2.7 Dodging
 - Level 1.2 Stealth


You had 2 spell levels left.
You didn't know any spells.
Your spell library was empty.

Inventory:

Hand Weapons
 Y - a +1 shortbow (weapon)
Armour
 a - a +0 helmet (worn)
 c - a +0 leather armour (worn)
Jewellery
 i - a +6 ring of dexterity (left hand)
Potions
 b - a potion of heal wounds {unknown}
 d - a potion of degeneration {unknown}
 f - a potion of resistance {unknown}
 g - a potion of haste
 h - a potion of enlightenment {unknown}

Dungeon Overview and Level Annotations

Branches:
Dungeon (4/15)
 Temple: D:4-7

Altars:

Annotations:
D:3 Grinder


Message History

The jackal bites you but does no damage.
Grinder blinks!
You can move again.
You shoot an arrow. The arrow hits the jackal.
The jackal is severely wounded.
The jackal closely misses you. The jackal misses you.
You shoot an arrow. The arrow completely misses the jackal.
The arrow hits the jackal.
You kill the jackal!
Grinder blinks!
The jackal barely misses you.
You shoot an arrow. The arrow hits the jackal.
The jackal is almost dead.
You feel yourself slow down.
Grinder blinks!
You shoot an arrow. The arrow closely misses the jackal.
The jackal closely misses you.
The jackal bites you but does no damage.
You shoot an arrow. The arrow hits the jackal!
You kill the jackal!
You shoot an arrow. The arrow hits Grinder.
Grinder is severely wounded.
Grinder gestures at you. Pain shoots through your body!
Ouch! That really hurt!
You shoot an arrow. The arrow barely misses Grinder.
Grinder closely misses you.
You shoot an arrow. The arrow closely misses Grinder.
Grinder misses you.
You shoot an arrow. The arrow closely misses Grinder.
Grinder blinks!
You shoot an arrow. The arrow hits Grinder.
Grinder is severely wounded.
Grinder blinks!
You shoot an arrow. The arrow hits Grinder!
Grinder is almost dead.
Grinder gestures at you.
You suddenly lose the ability to move!
Grinder hits you.
You writhe in agony.
Grinder hits you.
You die...

..%.....# ........#
........# .>....#.#
......#.#
........#####.#
......#.......#
...####.###############
...# #.....#...@5%..)#
...# #####.#)#######...
...# #.#.#
....#######.#.##
...............#
#######.#.## #.### #.#
#.#


You could see Grinder.

Vanquished Creatures
  A gnoll (D:1)
  An adder (D:2)
  A worm (D:2)
  A dart slug (D:1)
  3 endoplasms (D:1)
  2 giant cockroaches (D:1)
  4 goblins
  2 hobgoblins (D:1)
  4 jackals (D:3)
  A quokka (D:2)
  3 ball pythons
  3 bats
  4 frilled lizards (D:1)
  7 kobolds
  2 rats
39 creatures vanquished.

Notes
Turn   | Place    | Note
-------+----------+-------------------------------------------
     0 | D:1      | qw the Deep Elf Hunter began the quest for the Orb.
     0 | D:1      | Reached XP level 1. HP: 12/12 MP: 3/3
     0 | D:1      | 0 ||| qw: Version: 0.3-a-9-g12657ce
     0 | D:1      | 0 ||| qw: Game counter: 4463
     0 | D:1      | 0 ||| qw: Always use a shield: true
     0 | D:1      | 0 ||| qw: God list: Okawaru
     0 | D:1      | 0 ||| qw: Allow faded altars: false
     0 | D:1      | 0 ||| qw: Do Orc after D:15 true
     0 | D:1      | 0 ||| qw: Do second Lair branch before Depths: true
     0 | D:1      | 0 ||| qw: Lair rune preference: random
     0 | D:1      | 0 ||| qw: Plans: Normal
     0 | D:1      | 0 ||| PLANNING D:1-11
   114 | D:1      | Reached XP level 2. HP: 16/16 MP: 4/4
   122 | D:1      | Reached skill level 6 in Ranged Weapons
   386 | D:1      | Reached XP level 3. HP: 20/20 MP: 5/5
   626 | D:1      | 626 ||| READING scroll labelled METOITSOKHU.
   727 | D:1      | 727 ||| READING scroll labelled SUSTRO POISM.
   728 | D:1      | 728 ||| READING scroll labelled PESKEPUAVA.
   729 | D:1      | 729 ||| READING scroll labelled FATIUGGO COEWASEP.
   730 | D:1      | 730 ||| DROPPING scroll of butterflies.
   995 | D:2      | Reached skill level 7 in Ranged Weapons
  1251 | D:2      | You fall into a shaft and drop 2 floors!
  1296 | D:4      | 1296 ||| UPGRADING to +0 helmet.
  1301 | D:4      | 1301 ||| UPGRADING to +6 ring of dexterity.
  1302 | D:4      | 1302 ||| READING scroll labelled REGITU KEATRO.
  1303 | D:4      | 1303 ||| READING scroll labelled APPEAL JOCHO.
  1304 | D:4      | 1304 ||| DRINKING 2 inky potions.
  1346 | D:3      | Noticed Grinder
  1352 | D:3      | Paralysed by Grinder for 3 turns
  1361 | D:3      | HP: 5/20 [Grinder/nerve-wracking pain (14)]
  1366 | D:3      | Paralysed by Grinder for 3 turns
  1367 | D:3      | HP: 5/20 [Grinder (1)]
  1367 | D:3      | HP: 1/20 [Grinder (4)]
  1368 | D:3      | Slain by Grinder

Levels and vault maps discovered:
D:1:      dpeg_arrival_tiny_b, layout_loops_cross
D:2:      layout_loops_corners, minmay_misc_feat_pillars
D:3:      layout_loops_ring, pdpol_wu_jian_five_deadly_venoms, uniq_robin,
          uniq_terence, uniq_grinder, uniq_natasha
D:4:      layout_cave_pools, mainiacjoe_overflow_alcove_2,
          lemuel_zombie_altar_kikubaaqudgha, nicolae_dithmenos_the_darkroom,
          zin_academy

Skill      XL: |  1  2  3 |
---------------+----------+-----
Ranged Weapons | 6 7 |  7.2
Fighting       | |  1.5
Dodging        | |  2.7
Stealth        | |  1.2

Action                     || total
---------------------------++-------
   Fire: Shortbow          ||   114
    Use: Scroll            ||     6
         Potion            ||     1
 Armour: Leather armour    ||    11
  Dodge: Dodged            ||    25

Table legend:
 A = Non-vault XP
 B = Vault XP
 C = Vault XP percentage of total XP
 D = Non-vault monster count
 E = Vault monster count
 F = Vault count percentage of total count
                 A         B        C        D         E       F
            +---------+---------+-------+---------+---------+-------
      Total |      93 |       0 |   0.0 |      39 |       0 |   0.0
            +---------+---------+-------+---------+---------+-------
        D:1 |      52 |       0 |   0.0 |      24 |       0 |   0.0
        D:2 |      28 |       0 |   0.0 |       7 |       0 |   0.0
        D:3 |      11 |       0 |   0.0 |       7 |       0 |   0.0
        D:4 |       2 |       0 |   0.0 |       1 |       0 |   0.0
            +---------+---------+-------+---------+---------+-------
